BSA
ST CHARLES SHEENS @ HENDERSONVILLE HITMEN
04/24/2030
 
TOP OF THE 1ST
St Charles Sheens batting - Pitching for Hendersonville Hitmen : RHP Marcos Miranda
Pitching: RHP Marcos Miranda
Batting: RHB Víctor Arredondo 0-0: Ground out 6-3 (Groundball, 6)
Batting: LHB Randy Wiggins 0-0: Called Strike
0-1: Ball
1-1: Swinging Strike
1-2: Strikes out looking
Batting: RHB Clint Younger 0-0: Fly out, F8 (Flyball, 8RD)
Top of the 1st over - 0 runs, 0 hits, 0 errors, 0 left on base; St Charles 0 - Hendersonville 0
BOTTOM OF THE 1ST
Hendersonville Hitmen batting - Pitching for St Charles Sheens : RHP Luis Vargas
Pitching: RHP Luis Vargas
Batting: SHB Félix Montoya 0-0: Called Strike
0-1: Ball
1-1: Foul Ball, location: 2F
1-2: SINGLE (Flyball, 9S)
Batting: SHB José Estreito 0-0: Called Strike
Félix Montoya steals 2nd base
0-1: SINGLE (Line Drive, 6)
Félix Montoya to third
Batting: LHB Robert Phillips 0-0: Ball
José Estreito steals 2nd base
1-0: Ball
2-0: Ground out 4-3 (Groundball, 4)
Félix Montoya scores
José Estreito to third
Batting: SHB Rick Turner 0-0: Ball
1-0: Foul Ball, location: 2F
1-1: Ball
2-1: Ball
3-1: Base on Balls
Batting: LHB Pedro Rodríguez 0-0: Ball
1-0: 3-RUN HOME RUN (Flyball, 9LD), Distance : 359 ft
Batting: LHB Tommy Payne 0-0: Called Strike
0-1: Ball
1-1: Swinging Strike
1-2: Strikes out looking
Batting: LHB Pedro Gonzáles 0-0: Called Strike
0-1: Swinging Strike
0-2: Strikes out looking
Bottom of the 1st over - 4 runs, 3 hits, 0 errors, 0 left on base; St Charles 0 - Hendersonville 4
TOP OF THE 2ND
St Charles Sheens batting - Pitching for Hendersonville Hitmen : RHP Marcos Miranda
Batting: RHB Ramón Molina 0-0: Called Strike
0-1: Fly out, F8 (Flyball, 8RD)
Batting: RHB Sergio Pujols 0-0: Ball
1-0: Foul Ball, location: 2F
1-1: TRIPLE (Flyball, 8RXD)
Batting: RHB Shawn Gutiérrez 0-0: Called Strike
0-1: Called Strike
0-2: Ball
1-2: Ball
Wild Pitch!
Sergio Pujols scores
2-2: SINGLE (Flyball, 7LS)
Batting: RHB Lúcio Alfaro 0-0: Foul Ball, location: 2F
0-1: Swinging Strike
0-2: Strikes out looking
Batting: RHB José Ortega 0-0: Ball
1-0: Foul Ball, location: 2F
1-1: Swinging Strike
1-2: Foul Ball, location: 2F
1-2: Ball
2-2: Ground out 5-3 (Groundball, 56S)
Top of the 2nd over - 1 run, 2 hits, 0 errors, 1 left on base; St Charles 1 - Hendersonville 4
BOTTOM OF THE 2ND
Hendersonville Hitmen batting - Pitching for St Charles Sheens : RHP Luis Vargas
Batting: RHB Carlos Flores 0-0: Foul Ball, location: 2F
0-1: Fly out, F8 (Flyball, 8LM)
Batting: LHB Miguel García 0-0: Ball
1-0: Ball
2-0: Ball
3-0: Foul Ball, location: 2F
3-1: Fly out, F7 (Flyball, 7S)
Batting: SHB Félix Montoya 0-0: Ball
1-0: Foul Ball, location: 2F
1-1: Swinging Strike
1-2: Ball
2-2: Foul Ball, location: 2F
2-2: Ball
3-2: Base on Balls
Batting: SHB José Estreito 0-0: Ball
Félix Montoya steals 2nd base
1-0: Foul Ball, location: 2F
1-1: Foul Ball, location: 2F
1-2: Ball
2-2: Strikes out swinging, 2-3 out at first.
Bottom of the 2nd over - 0 runs, 0 hits, 0 errors, 1 left on base; St Charles 1 - Hendersonville 4
TOP OF THE 3RD
St Charles Sheens batting - Pitching for Hendersonville Hitmen : RHP Marcos Miranda
Batting: RHB Jesús Hernández 0-0: Ball
1-0: Called Strike
1-1: Foul Ball, location: 2F
1-2: Foul Ball, location: 2F
1-2: Foul Ball, location: 2F
1-2: Foul Ball, location: 2F
1-2: Foul Ball, location: 2F
1-2: Strikes out swinging
Batting: RHB Víctor Arredondo 0-0: Ball
1-0: Ball
2-0: Ball
3-0: Called Strike
3-1: Base on Balls
Batting: LHB Randy Wiggins 0-0: Ball
Víctor Arredondo is caught stealing 2nd base
1-0: Swinging Strike
1-1: Ball
2-1: Foul Ball, location: 2F
2-2: Foul Ball, location: 2F
2-2: Ball
3-2: Ground out 5-3 (Groundball, 56)
Top of the 3rd over - 0 runs, 0 hits, 0 errors, 0 left on base; St Charles 1 - Hendersonville 4
BOTTOM OF THE 3RD
Hendersonville Hitmen batting - Pitching for St Charles Sheens : RHP Luis Vargas
Batting: LHB Robert Phillips 0-0: Ball
1-0: Called Strike
1-1: DOUBLE (Line Drive, 9LM)
Batting: SHB Rick Turner 0-0: Called Strike
0-1: Ball
1-1: Fly out, F7 (Flyball, 7LS)
Batting: LHB Pedro Rodríguez 0-0: Ground out U3 (Groundball, 3)
Robert Phillips to third
Batting: LHB Tommy Payne 0-0: Called Strike
0-1: Ball
1-1: Swinging Strike
1-2: Strikes out swinging
Bottom of the 3rd over - 0 runs, 1 hit, 0 errors, 1 left on base; St Charles 1 - Hendersonville 4
TOP OF THE 4TH
St Charles Sheens batting - Pitching for Hendersonville Hitmen : RHP Marcos Miranda
Batting: RHB Clint Younger 0-0: Fly out, F9 (Flyball, 9LSF)
Batting: RHB Ramón Molina 0-0: Called Strike
0-1: Foul Ball, location: 2F
0-2: Ball
1-2: Fly out, F9 (Flyball, 9D)
Batting: RHB Sergio Pujols 0-0: Called Strike
0-1: Ball
1-1: SINGLE (Flyball, 89S)
Batting: RHB Shawn Gutiérrez 0-0: Called Strike
0-1: Ground out 1-3 (Groundball, 13S)
Top of the 4th over - 0 runs, 1 hit, 0 errors, 1 left on base; St Charles 1 - Hendersonville 4
BOTTOM OF THE 4TH
Hendersonville Hitmen batting - Pitching for St Charles Sheens : RHP Luis Vargas
Batting: LHB Pedro Gonzáles 0-0: Called Strike
0-1: Ball
1-1: Ground out U3 (Groundball, 34)
Batting: RHB Carlos Flores 0-0: Ball
1-0: Called Strike
1-1: Ball
2-1: Ball
3-1: SINGLE (Groundball, 6MD)
Batting: LHB Miguel García 0-0: Ball
1-0: Ball
2-0: Swinging Strike
2-1: Swinging Strike
2-2: Foul Ball, location: 2F
2-2: Strikes out swinging
Batting: SHB Félix Montoya 0-0: Called Strike
0-1: Ball
1-1: SINGLE (Groundball, 25) (infield hit)
Carlos Flores to second
Batting: SHB José Estreito 0-0: Fielders Choice at 2nd, U6 (Groundball, 6M)
Bottom of the 4th over - 0 runs, 2 hits, 0 errors, 2 left on base; St Charles 1 - Hendersonville 4
TOP OF THE 5TH
St Charles Sheens batting - Pitching for Hendersonville Hitmen : RHP Marcos Miranda
Batting: RHB Lúcio Alfaro 0-0: Foul Ball, location: 2F
0-1: Ground out 3-1 (Groundball, 34S)
Batting: RHB José Ortega 0-0: Called Strike
0-1: Foul Ball, location: 2F
0-2: Ball
1-2: Strikes out swinging
Batting: RHB Jesús Hernández 0-0: Fly out, F5 (Line Drive, 56S)
Top of the 5th over - 0 runs, 0 hits, 0 errors, 0 left on base; St Charles 1 - Hendersonville 4
BOTTOM OF THE 5TH
Hendersonville Hitmen batting - Pitching for St Charles Sheens : RHP Luis Vargas
Batting: LHB Robert Phillips 0-0: Ball
1-0: Swinging Strike
1-1: Ball
2-1: Fly out, F9 (Flyball, 9D)
Batting: SHB Rick Turner 0-0: Ball
1-0: Swinging Strike
1-1: Ball
2-1: Swinging Strike
2-2: Foul Ball, location: 2F
2-2: Fly out, F8 (Flyball, 8RD)
Batting: LHB Pedro Rodríguez 0-0: Ball
1-0: Ball
2-0: Foul Ball, location: 2F
2-1: Foul Ball, location: 2F
2-2: Foul Ball, location: 2F
2-2: Foul Ball, location: 2F
2-2: Fly out, F5 (Popup, 5SF)
Bottom of the 5th over - 0 runs, 0 hits, 0 errors, 0 left on base; St Charles 1 - Hendersonville 4
TOP OF THE 6TH
St Charles Sheens batting - Pitching for Hendersonville Hitmen : RHP Marcos Miranda
Batting: RHB Víctor Arredondo 0-0: Fly out, F9 (Flyball, 9S)
Batting: LHB Randy Wiggins 0-0: Called Strike
0-1: Ball
1-1: Called Strike
1-2: Fly out, F9 (Flyball, 9D)
Batting: RHB Clint Younger 0-0: Called Strike
0-1: Ground out 6-3 (Groundball, 6)
Top of the 6th over - 0 runs, 0 hits, 0 errors, 0 left on base; St Charles 1 - Hendersonville 4
BOTTOM OF THE 6TH
Hendersonville Hitmen batting - Pitching for St Charles Sheens : RHP Luis Vargas
Batting: LHB Tommy Payne 0-0: Called Strike
0-1: Ground out 3-1 (Groundball, 34)
Batting: LHB Pedro Gonzáles 0-0: Called Strike
0-1: Called Strike
0-2: Strikes out swinging
Batting: RHB Carlos Flores 0-0: Foul Ball, location: 2F
0-1: Ball
1-1: Ground out 6-3 (Groundball, 6MD)
Bottom of the 6th over - 0 runs, 0 hits, 0 errors, 0 left on base; St Charles 1 - Hendersonville 4
TOP OF THE 7TH
St Charles Sheens batting - Pitching for Hendersonville Hitmen : RHP Marcos Miranda
Batting: RHB Ramón Molina 0-0: Hit by Pitch
Batting: RHB Sergio Pujols 0-0: Swinging Strike
0-1: Ball
1-1: Foul Ball, location: 2F
1-2: Foul Ball, location: 2F
1-2: Ball
2-2: Fly out, F9 (Flyball, 9S)
Batting: RHB Shawn Gutiérrez 0-0: Ball
1-0: Called Strike
1-1: Foul Ball, location: 2F
1-2: SINGLE (Groundball, 6MD)
Ramón Molina to second
Batting: RHB Lúcio Alfaro 0-0: Called Strike
0-1: Called Strike
0-2: Strikes out swinging
Batting: RHB José Ortega 0-0: Ball
1-0: Called Strike
1-1: Foul Ball, location: 2F
1-2: Strikes out swinging
Top of the 7th over - 0 runs, 1 hit, 0 errors, 2 left on base; St Charles 1 - Hendersonville 4
BOTTOM OF THE 7TH
Hendersonville Hitmen batting - Pitching for St Charles Sheens : RHP Luis Vargas
Pitching: RHP Ricardo Montero
Batting: LHB Miguel García 0-0: Ball
1-0: Fly out, F9 (Flyball, 89M)
Batting: SHB Félix Montoya 0-0: Called Strike
0-1: Ball
1-1: Called Strike
1-2: Ball
2-2: Ball
3-2: Ground out U3 (Groundball, 3)
Batting: SHB José Estreito 0-0: Ball
1-0: Called Strike
1-1: Ball
2-1: Foul Ball, location: 2F
2-2: Ball
3-2: SINGLE (Groundball, 56D)
Batting: LHB Robert Phillips 0-0: Ball
1-0: Foul Ball, location: 2F
1-1: Ball
2-1: Ball
3-1: SINGLE (Groundball, 6MD)
José Estreito to second
Runner from 2nd tries for 3rd, SAFE, no throw
Batting: SHB Rick Turner 0-0: Ball
1-0: Ball
2-0: Fly out, F5 (Popup, 56S)
Bottom of the 7th over - 0 runs, 2 hits, 0 errors, 2 left on base; St Charles 1 - Hendersonville 4
TOP OF THE 8TH
St Charles Sheens batting - Pitching for Hendersonville Hitmen : RHP Marcos Miranda
Batting: RHB Jesús Hernández 0-0: Ball
1-0: Foul Ball, location: 2F
1-1: Foul Ball, location: 2F
1-2: Ball
2-2: Foul Ball, location: 2F
2-2: Foul Ball, location: 2F
2-2: Ball
3-2: Base on Balls
Pitching: RHP Matthew Scott
Batting: RHB Víctor Arredondo 0-0: Ball
1-0: Called Strike
1-1: Ball
2-1: Swinging Strike
2-2: Foul Ball, location: 2F
2-2: Strikes out looking
Batting: LHB Randy Wiggins 0-0: Ball
1-0: Called Strike
1-1: Ball
2-1: Foul Ball, location: 2F
2-2: Foul Ball, location: 2F
2-2: DOUBLE (Flyball, 8LXD)
Jesús Hernández to third
Batting: RHB Clint Younger 0-0: Ball
1-0: SINGLE (Groundball, 4MD)
Jesús Hernández scores
Randy Wiggins to third
Runner from 3rd tries for Home, SAFE, no throw
Batting: RHB Ramón Molina 0-0: Ball
1-0: Ball
2-0: Ball
3-0: Called Strike
3-1: Foul Ball, location: 2F
3-2: Foul Ball, location: 2F
3-2: Fly out, F4 (Popup, 4)
Batting: RHB Sergio Pujols 0-0: Ball
1-0: Ball
2-0: Called Strike
2-1: Ball
3-1: Base on Balls
Clint Younger to second
Batting: RHB Shawn Gutiérrez 0-0: Ball
1-0: Ball
2-0: Ball
3-0: Called Strike
3-1: Swinging Strike
3-2: Foul Ball, location: 2F
3-2: Base on Balls
Clint Younger to third
Sergio Pujols to second
Batting: RHB Lúcio Alfaro 0-0: Called Strike
0-1: Ball
1-1: Hit by Pitch
Clint Younger scores
Sergio Pujols to third
Shawn Gutiérrez to second
Batting: RHB José Ortega 0-0: Called Strike
0-1: Hit by Pitch
Sergio Pujols scores
Shawn Gutiérrez to third
Lúcio Alfaro to second
Pitching: RHP Guy Hebert
Batting: RHB Jesús Hernández 0-0: Swinging Strike
0-1: Ball
1-1: SINGLE (Line Drive, 7S)
Shawn Gutiérrez scores
Lúcio Alfaro to third
José Ortega to second
Runner from 3rd tries for Home, SAFE, no throw
Batting: RHB Víctor Arredondo 0-0: Ball
1-0: Called Strike
1-1: Swinging Strike
1-2: Ball
2-2: Ball
3-2: Foul Ball, location: 2F
3-2: Base on Balls
José Ortega to third
Jesús Hernández to second
Batting: LHB Randy Wiggins 0-0: Called Strike
0-1: Foul Ball, location: 2F
0-2: Ground out 1-3 (Groundball, 15S)
Top of the 8th over - 6 runs, 3 hits, 0 errors, 3 left on base; St Charles 7 - Hendersonville 4
BOTTOM OF THE 8TH
Hendersonville Hitmen batting - Pitching for St Charles Sheens : RHP Ricardo Montero
Batting: LHB Pedro Rodríguez 0-0: Ball
1-0: Ground out U3 (Groundball, 3)
Batting: LHB Tommy Payne 0-0: Swinging Strike
0-1: Ball
1-1: Ball
2-1: Fly out, F9 (Flyball, 9S)
Batting: LHB Pedro Gonzáles 0-0: Ball
1-0: SINGLE (Groundball, 34D)
Batting: RHB Carlos Flores 0-0: Ball
1-0: Called Strike
1-1: Ground out 5-3 (Groundball, 56S)
Bottom of the 8th over - 0 runs, 1 hit, 0 errors, 1 left on base; St Charles 7 - Hendersonville 4
TOP OF THE 9TH
St Charles Sheens batting - Pitching for Hendersonville Hitmen : RHP Guy Hebert
Batting: RHB Clint Younger 0-0: Foul Ball, location: 2F
0-1: Ball
1-1: Ball
2-1: Swinging Strike
2-2: Strikes out swinging
Batting: RHB Ramón Molina 0-0: Called Strike
0-1: Foul Ball, location: 2F
0-2: Ball
1-2: Strikes out swinging
Batting: RHB Sergio Pujols 0-0: Ball
1-0: Foul Ball, location: 2F
1-1: Ball
2-1: Swinging Strike
2-2: Foul Ball, location: 2F
2-2: Ball
3-2: Base on Balls
Batting: RHB Shawn Gutiérrez 0-0: Foul Ball, location: 2F
0-1: Ball
1-1: Swinging Strike
1-2: Strikes out looking
Top of the 9th over - 0 runs, 0 hits, 0 errors, 1 left on base; St Charles 7 - Hendersonville 4
BOTTOM OF THE 9TH
Hendersonville Hitmen batting - Pitching for St Charles Sheens : RHP Ricardo Montero
Pitching: RHP Jesse Jones
Batting: LHB Miguel García 0-0: Foul Ball, location: 2F
0-1: Foul Ball, location: 2F
0-2: Strikes out looking
Batting: SHB Félix Montoya 0-0: Ball
1-0: Fly out, F8 (Flyball, 8LM)
Batting: SHB José Estreito 0-0: Ball
1-0: Foul Ball, location: 2F
1-1: Ball
2-1: Ball
3-1: Base on Balls
Batting: LHB Robert Phillips 0-0: Ball
1-0: Called Strike
1-1: Ball
2-1: Ball
3-1: Called Strike
3-2: Strikes out swinging
Bottom of the 9th over - 0 runs, 0 hits, 0 errors, 1 left on base; St Charles 7 - Hendersonville 4
Saturday, April 7th, 2018 - OOTP Baseball 18.8 Build 76